 Dungeon Crawl Stone Soup version 0.28.0-47-ge53b351184 (webtiles) character file.

Game seed: 16034703800163798586

32 GigaChad the Skirmisher (level 3, 0/30 HPs)
             Began as a Barachi Fighter on Apr 28, 2022.
             Was a Follower of Ru.
             Slain by a kobold
             ... wielding a +0 dagger
              (3 damage)
             ... on level 2 of the Dungeon.
             The game lasted 00:02:45 (761 turns).

GigaChad the Skirmisher (Barachi Fighter)            Turns: 761, Time: 00:02:45

Health: 0/30       AC:  7    Str: 17    XL:     3   Next: 25%
Magic:  3/3        EV:  9    Int:  8    God:    Ru [*.....]
Gold:   36         SH:  5    Dex: 13    Spells: 2/2 levels left

rFire   . . .      SeeInvis .   a - +0 long sword
rCold   . . .      Faith    .   c - +0 buckler
rNeg    . . .      Spirit   .   b - +0 scale mail
rPois   .          Reflect  .   (no helmet)
rElec   .          Harm     .   (no cloak)
rCorr   .          Rampage  .   (no gloves)
Will    .....                   (no boots)
Stlth   ..........              (no amulet)
HPRegen 0.10/turn               (no ring)
MPRegen 0.08/turn               (no ring)

@: slow
A: amphibious, slowness 1, hated by all, strong legs 1, +LOS
a: Hop, Renounce Religion


You were on level 2 of the Dungeon.
You worshipped Ru.
Ru was aware of your devotion.
You visited 1 branch of the dungeon, and saw 2 of its levels.

You collected 36 gold pieces.

Inventory:

Hand Weapons
 a - a +0 long sword (weapon)
Armour
 b - a +0 scale mail (worn)
 c - a +0 buckler (worn)
Potions
 d - a potion of might
 e - a potion of curing {unknown}
 f - a potion of resistance {unknown}


   Skills:
 + Level 4.1 Fighting
 + Level 2.9 Long Blades
 + Level 3.9 Armour
 + Level 3.8 Shields


You had 2 spell levels left.
You didn't know any spells.
Your spell library was empty.

Dungeon Overview and Level Annotations

Branches:
Dungeon (2/15)

Altars:
Ru


Innate Abilities, Weirdness & Mutations

You are amphibious.
You cover ground slowly.
You are hated by all.
You can hop short distances.
You have an extended range of vision and can be seen from far away.


Message History

Your experience leads to an increase in your attributes!
Increase (S)trength, (I)ntelligence, or (D)exterity?
You feel agile. x2
The kobold barely misses you.
You slash the kobold!
You kill the kobold!
You block the kobold's attack. The endoplasm hits you.
The kobold hits you but does no damage.
You closely miss the kobold. The kobold hits you but does no damage.
You redirect the endoplasm's attack!
The endoplasm completely misses the goblin.
The kobold hits you with a +0 short sword.
* * * LOW HITPOINT WARNING * * *
The kobold hits you but does no damage.
You closely miss the kobold.
The endoplasm hits you but does no damage.
The kobold hits you but does no damage. The kobold misses you.
The endoplasm hits you but does no damage.
You hit the kobold but do no damage. The kobold barely misses you.
You block the kobold's attack. The endoplasm freezes you.
You are frozen.
* * * LOW HITPOINT WARNING * * *
The kobold hits you with a +0 short sword.
* * * LOW HITPOINT WARNING * * *
Found 18 stones.
The kobold barely misses you.
The endoplasm begins to attack, but is stunned by your conviction!
The kobold hits you but does no damage.
You miss the kobold. The kobold hits you but does no damage.
The endoplasm freezes you.
You are frozen.
* * * LOW HITPOINT WARNING * * *
You hit the kobold but do no damage.
The kobold is stunned by your conviction and fails to attack.
The endoplasm hits you but does no damage.
You block the goblin's attack.
The endoplasm begins to attack, but is stunned by your conviction!
The goblin is stunned by your conviction and fails to attack.
The kobold barely misses you. The kobold hits you with a +0 dagger.
You die...

....######.?.....#. .....
.......... .....
.........# ...# #........
## #..####........ #.
#..##.........# ##. #
#..##.#..##.#.###..
###.##.#.g##.#..##.#......
...(.....@K..)†...........
######..KJ.........####...
###.###....##.# ###. ...#
#..#.##.# #.
######...#....# #.
#.#####... ## #. ...# ##
##.# #.#


You could see an endoplasm, a goblin and 2 kobolds.

Vanquished Creatures
  An adder (D:2)
  A dart slug (D:1)
  2 bats (D:1)
  An endoplasm (D:1)
  A giant cockroach (D:1)
  3 goblins (D:1)
  2 hobgoblins (D:1)
  A quokka (D:1)
  2 ball pythons (D:1)
  4 kobolds
  3 rats (D:1)
21 creatures vanquished.

Notes
Turn   | Place    | Note
-------+----------+-------------------------------------------
     0 | D:1      | GigaChad the Barachi Fighter began the quest for the Orb.
     0 | D:1      | Reached XP level 1. HP: 18/18 MP: 1/1
   155 | D:1      | Reached XP level 2. HP: 22/25 MP: 2/2
   167 | D:1      | Found a faded altar of an unknown god.
   183 | D:1      | Prayed at the altar of an unknown god.
   183 | D:1      | Became a worshipper of Ru the Awakened
   199 | D:1      | Gained mutation: You are hated by all. [Ru sacrifice]
   199 | D:1      | Reached * piety under Ru
   627 | D:1      | Reached skill level 4 in Fighting
   750 | D:2      | Reached XP level 3. HP: 13/30 MP: 3/3
   761 | D:2      | Slain by a kobold

Illustrated notes

Levels and vault maps discovered:
D:1:      minmay_arrival_loop, layout_rooms, serial_glass, glass_columns_a,
          glass_columns_b, shapermc_ecumenical_altar_acropolis,
          minmay_crystal_room, minmay_domino_2
D:2:      layout_loops_ring

Skill      XL: |  1  2 |
---------------+-------+-----
Fighting       | 4 |  4.1
Long Blades    | |  2.9
Armour         | |  3.9
Shields        | |  3.8

Action                   || total
-------------------------++-------
Melee: Long sword        ||    65
Invok: Sacrifice Love    ||     1
Armor: Scale mail        ||    51
Dodge: Dodged            ||    39
Block: Buckler           ||    23
